 Dungeon Crawl Stone Soup version 0.22.1-1-ga44c0e5 (webtiles) character file.

179 Garbasso the Caller (level 5, 0/28 HPs)
             Began as a Tengu Summoner on Oct 3, 2018.
             Killed by nerve-wracking pain
             ... invoked by Grinder
              (2 damage)
             ... on level 4 of the Dungeon.
             The game lasted 00:18:33 (4104 turns).

Garbasso the Caller (Tengu Summoner)                Turns: 4104, Time: 00:18:33

Health: 0/28       AC:  2    Str: 14    XL:     5   Next: 59%
Magic:  6/10       EV: 14    Int: 15    God:
Gold:   234        SH:  0    Dex: 15    Spells: 4/10 levels left

rFire    . . .     SeeInvis .   p - +0 spear
rCold    . . .     Gourm    .   (no shield)
rNeg     . . .     Faith    .   a - +0 robe
rPois    .         Spirit   .   (helmet restricted)
rElec    .         Reflect  .   (no cloak)
rCorr    .         Harm     .   (no gloves)
MR       .....                  (boots unavailable)
Stlth    ++........             (no amulet)
HPRegen  0.09/turn              q - +5 ring of strength
MPRegen  0.12/turn              (no ring)

@: no status effects
A: beak, talons 3, able to fly 1
a: Fly


You were on level 4 of the Dungeon.
You were very hungry.

You visited 1 branch of the dungeon, and saw 4 of its levels.

You collected 234 gold pieces.

Inventory:

Hand Weapons
 p - a +0 spear (weapon)
Armour
 a - a +0 robe (worn)
Jewellery
 q - a +5 ring of strength (left hand)
Wands
 f - a wand of random effects (25)
Scrolls
 d - 2 scrolls of enchant armour {unknown}
 e - a scroll of teleportation
 l - a scroll of random uselessness {unknown}
 o - a scroll of amnesia
 r - a scroll of noise {unknown}
Potions
 b - 2 potions of brilliance
 g - a potion of cancellation {unknown}
 h - a potion of degeneration {unknown}
 i - a potion of lignification {unknown}
 j - a potion of berserk rage {unknown}
 k - a potion of agility
 m - 3 potions of heal wounds
Comestibles
 c - 6 rations


   Skills:
 + Level 0.7 Fighting
 + Level 3.5 Dodging
 - Level 2.0 Stealth
 + Level 3.0 Spellcasting
 * Level 6.5 Summonings


You had 4 spell levels left.
You knew the following spells:

 Your Spells              Type           Power        Failure   Level  Hunger
a - Summon Small Mammal   Summ           ###.         1%          1    #......
b - Call Imp              Summ           ###.....     1%          2    ##.....
c - Call Canine Familiar  Summ           ###.....     4%          3    ###....

Your spell library contained the following spells:

 Spells                   Type           Power        Failure   Level  Hunger
 Summon Guardian Golem    Hex/Summ       ##......     16%         3    ###....
 Summon Ice Beast         Ice/Summ       ##......     45%         4    #####..
 Summon Lightning Spire   Summ/Air       ##......     45%         4    #####..


Dungeon Overview and Level Annotations

Branches:
Dungeon (4/15)
 Temple: D:4-7

Altars:

Annotations:
D:4 Grinder, Menkaure, Robin


Innate Abilities, Weirdness & Mutations

You have a beak for a mouth.
You have claws for feet.
You can fly.


Message History

You hit Grinder. You claw Grinder. Your peck misses Grinder.
Grinder is heavily wounded.
The goblin unwields an uncursed hunting sling.
The goblin wields an uncursed dagger.
The goblin hits your white imp with an uncursed dagger.
Grinder gestures at you.
You barely resist. You hit Grinder but do no damage. Your kick misses Grinder.
Grinder is heavily wounded.
The goblin closely misses your white imp.
Grinder closely misses you.
Unknown command.
Unknown command.
Unknown command.
You barely miss Grinder. You claw Grinder.
Grinder is heavily wounded.
The goblin hits your white imp but does no damage.
Grinder gestures at you. Pain shoots through your body!
You die...

#.#
#>#
##.#
##..#
#%#.#
##(##
#.#
#5#
#@#
#5#
#g#


#gg #.. .... #..# #... You could see Grinder, 3 goblins and a friendly white
imp.

Vanquished Creatures
  2 adders (D:3)
  An adder skeleton (D:4)
  A worm (D:3)
  2 dart slugs
  A leopard gecko (D:3)
  2 orcs (D:3)
  5 bats
  4 giant cockroaches
  5 goblins
  2 quokkas
  2 frilled lizards
  4 kobolds
  3 rats
34 creatures vanquished.

Vanquished Creatures (collateral kills)
  An orc wizard (D:4)
  Natasha (thrice) (D:2)
  2 adders
  2 oozes
  4 worms
  A dart slug (D:3)
  2 leopard geckos
  2 orcs
  A ball python (D:3)
  3 giant cockroaches
  2 hobgoblins
  6 jackals (D:3)
  3 kobolds
  5 bats
  3 frilled lizards
  6 goblins
  3 rats
49 creatures vanquished.

Grand Total: 83 creatures vanquished

Notes
Turn   | Place    | Note
-------+----------+-------------------------------------------
     0 | D:1      | Garbasso the Tengu Summoner began the quest for the Orb.
     0 | D:1      | Reached XP level 1. HP: 10/10 MP: 4/4
    80 | D:1      | Reached skill level 5 in Summonings
   256 | D:1      | Reached XP level 2. HP: 11/15 MP: 1/6
   277 | D:1      | Learned a level 2 spell: Call Imp
  1290 | D:2      | Noticed Natasha
  1290 | D:2      | Reached XP level 3. HP: 19/19 MP: 1/7
  1298 | D:2      | Killed Natasha
  1303 | D:2      | Learned a level 3 spell: Call Canine Familiar
  1431 | D:2      | Noticed Natasha
  1444 | D:2      | Killed Natasha
  1447 | D:2      | Reached XP level 4. HP: 2/24 MP: 1/8
  1461 | D:2      | Noticed Natasha
  1806 | D:2      | Killed Natasha
  1806 | D:2      | Reached skill level 6 in Summonings
  3218 | D:3      | Gained mutation: You can fly. [Tengu growth]
  3218 | D:3      | Reached XP level 5. HP: 28/28 MP: 4/10
  3903 | D:4      | Noticed Menkaure
  4073 | D:4      | Noticed Grinder
  4085 | D:4      | Paralysed by Grinder for 6 turns
  4099 | D:4      | Noticed Robin
  4101 | D:4      | HP: 1/28 [Grinder (2)]
  4104 | D:4      | Killed from afar by Grinder

Skill      XL: |  1  2  3  4  5 |
---------------+----------------+-----
Summonings     | 5 6 |  6.5
Dodging        | 3 |  3.5
Spellcasting   | 3 |  3.0
Fighting       | |  0.7
Stealth        | |  2.0

Action                   |  1- 3 |  4- 6 || total
-------------------------+-------+-------++-------
Melee: Unarmed           |    44 |    35 ||    79
       Kick              |     9 |    18 ||    27
       Peck              |     6 |    14 ||    20
       Spear             |       |    72 ||    72
 Cast: Summon Small Mamm |    22 |    17 ||    39
       Call Imp          |    10 |    21 ||    31
       Call Canine Famil |     1 |    16 ||    17
  Use: Scroll            |       |     6 ||     6
 Stab: Sleeping          |     2 |     2 ||     4
       Distracted        |       |     1 ||     1
  Eat: Chunk             |     3 |    10 ||    13
Armor: Robe              |    12 |    17 ||    29
Dodge: Dodged            |    33 |    63 ||    96
